 Dungeon Crawl Stone Soup version 0.21.0-24-g2553a33 (webtiles) character file.

37 tidbits the Grave Robber (level 3, -2/25 HPs)
             Began as a Gnoll Necromancer on Jan 20, 2018.
             Killed by nerve-wracking pain
             ... invoked by Grinder
              (13 damage)
             ... on level 3 of the Dungeon.
             The game lasted 00:02:43 (333 turns).

tidbits the Grave Robber (Gnoll Necromancer)         Turns: 333, Time: 00:02:43

Health: -2/25      AC:  2    Str:  7    XL:     3   Next: 39%
Magic:  9/9        EV: 14    Int: 18    God:
Gold:   25         SH:  0    Dex: 15    Spells: 5/12 levels left

rFire    . . .     SeeInvis .   a - +0 dagger
rCold    . . .     Gourm    .   (no shield)
rNeg     . . .     Faith    .   f - +0 robe
rPois    .         Spirit   .   (no helmet)
rElec    .         Reflect  .   (no cloak)
rCorr    .         Harm     .   (no gloves)
MR       .....                  (no boots)
Stlth    ++........             (no amulet)
HPRegen  0.08/turn              e - ring of loudness (curse)
MPRegen  0.11/turn              i - -3 ring of strength (curse)

@: no status effects
A: distributed training, fangs 1, strong nose
a: no special abilities


You were on level 3 of the Dungeon.
You were full.

You visited 1 branch of the dungeon, and saw 3 of its levels.

You collected 25 gold pieces.

Inventory:

Hand Weapons
 a - a +0 dagger (weapon)
 d - a +0 spear
 g - a +0 hunting sling
Missiles
 h - 23 stones (quivered)
Armour
 f - a +0 robe (worn)
Jewellery
 e - a cursed ring of loudness (left hand)
   (You found it on level 2 of the Dungeon)
 i - a cursed -3 ring of strength (right hand)
   (You found it on level 2 of the Dungeon)
Books
 b - a book of Necromancy

   Spells                             Type                      Level
   a - Pain                           Necromancy                   1
   b - Animate Skeleton               Necromancy                   1
   c - Vampiric Draining              Necromancy                   3
   d - Regeneration                   Charms/Necromancy            3
   e - Animate Dead                   Necromancy                   4
   f - Borgnjor's Vile Clutch         Necromancy/Earth             5
Comestibles
 c - 3 rations


   Skills:
 + Level 0.7 Fighting
 + Level 0.7 Short Blades
 + Level 0.7 Long Blades
 + Level 0.7 Axes
 + Level 0.7 Maces & Flails
 + Level 0.7 Polearms
 + Level 0.7 Staves
 + Level 0.7 Slings
 + Level 0.7 Bows
 + Level 0.7 Crossbows
 + Level 0.7 Throwing
 + Level 0.7 Armour
 + Level 4.5 Dodging
 + Level 4.1 Stealth
 + Level 0.7 Shields
 + Level 0.7 Unarmed Combat
 + Level 5.0 Spellcasting
 + Level 0.5 Conjurations
 + Level 0.5 Hexes
 + Level 0.5 Charms
 + Level 0.5 Summonings
 + Level 7.1 Necromancy
 + Level 0.5 Translocations
 + Level 0.5 Transmutations
 + Level 0.5 Fire Magic
 + Level 0.5 Ice Magic
 + Level 0.5 Air Magic
 + Level 0.5 Earth Magic
 + Level 0.5 Poison Magic
 + Level 0.9 Invocations
 + Level 0.7 Evocations


You had 5 spell levels left.
You knew the following spells:

 Your Spells              Type           Power        Failure   Level  Hunger
a - Pain                  Necr           ####         1%          1    None
d - Vampiric Draining     Necr           ####......   2%          3    ##.....
r - Regeneration          Chrm/Necr      ###.......   9%          3    ##.....


Dungeon Overview and Level Annotations

Branches:
Dungeon (3/15)

Altars:
Okawaru

Annotations:
D:3 Grinder


Innate Abilities, Weirdness & Mutations

Your experience applies equally to all skills.
You have very sharp teeth.
Your uncanny sense of smell can sniff out nearby items.


Message History

Found a silvery potion.
A kobold comes into view.
You see here a silvery potion.
It was a potion of heal wounds.
You feel much better.
The kobold shouts!
A goblin comes into view.
Casting: Pain
Confirm with . or Enter, or press ? or * to list all spells.
Aiming: Pain
Press: ? - help, Shift-Dir - straight line, f - kobold
Aim: a kobold (chance to defeat MR: 93%)
The kobold writhes in agony!
You kill the kobold!
The goblin shouts!
Casting: Pain
Confirm with . or Enter, or press ? or * to list all spells.
Aiming: Pain
Press: ? - help, Shift-Dir - straight line, f - goblin
Aim: a goblin (chance to defeat MR: 93%)
The goblin writhes in agony!
You kill the goblin!
Found a stone staircase leading up.
There is a stone staircase leading up here.
You climb upwards.
There is a stone staircase leading down here.
Unknown command.
You open the door.
Found an opal ring.
There is an open door here.
You see here an opal ring.
i - an opal ring Put on which piece of jewellery? (? for menu, Esc to quit)
You feel weaker.
Oops, that ring feels deathly cold.
i - a cursed -3 ring of strength (right hand)
You open the door.
Found an iron altar of Okawaru.
There is an open door here.
You open the door.
Found a leather armour.
Found 15 gold pieces.
You open the door.
A dart slug comes into view.
There is an open door here.
The helpless dart slug fails to defend itself.
You impale the dart slug!!
You kill the dart slug!
There is an open door here.
You open the door.
There is an open door here.
You see here 15 gold pieces.
You now have 25 gold pieces (gained 15).
There is an open door here.
Found a leather armour.
Unknown command.
Found a scale mail.
There is a stone staircase leading down here.
You climb downwards.
There is a stone staircase leading up here.
Unknown command.
Okay, then.
Grinder comes into view.
Found 12 sling bullets.
You aren't carrying any potions.
Unknown command.
Found a scroll labeled TIUMEITW PURUCS.
Unknown command.
Grinder hits you.
Unknown command.
Grinder hits you.
You writhe in agony.
You see here a scroll labeled TIUMEITW PURUCS.
Unknown command.
As you read the scroll labeled TIUMEITW PURUCS, it crumbles to dust.
The creatures around you are filled with an inner flame!
It was a scroll of immolation.
Grinder misses you.
You aren't carrying any potions.
Unknown command.
Okay, then.
You hit Grinder but do no damage. Grinder gestures at you.
You resist with significant effort.
Found a stone staircase leading down.
Grinder gestures at you.
You barely resist.
Found a stone staircase leading down.
Grinder gestures at you.
You suddenly lose the ability to move!
Grinder says, "I used to sell toenails on the black market."
Grinder hits you.
You writhe in agony.
* * * LOW HITPOINT WARNING * * *
Grinder hits you but does no damage.
You can move again.
Unknown command.
A rat comes into view.
Grinder blinks!
Grinder blinks!
Grinder gestures at you. Pain shoots through your body!
Ouch! That really hurt!
You die...

..........# #.##.#
#..#####..####.##.## #
#...............# #.
#.#.............#
#..#.........#.##....#
#.....#5...............
#......................
.#....#.#..(##..###..##.
#.......@........# ... .
#..>........###.# .###
##.#...###### #......
#..#... ..#..r #.. ..


You could see Grinder (inner flame).

Vanquished Creatures
  An iguana (D:3)
  A dart slug (D:2)
  2 goblins (D:3)
  2 kobolds (D:3)
  2 rats (D:3)
8 creatures vanquished.

Notes
Turn   | Place    | Note
-------+----------+-------------------------------------------
     0 | D:1      | tidbits the Gnoll Necromancer began the quest for the Orb.
     0 | D:1      | Reached XP level 1. HP: 13/13 MP: 6/6
    88 | D:3      | Noticed an iguana
   103 | D:3      | Killed an iguana
   103 | D:3      | Reached skill level 5 in Spellcasting
   103 | D:3      | Reached XP level 2. HP: 13/20 MP: 1/8
   103 | D:3      | Reached XP level 3. HP: 17/25 MP: 1/9
   150 | D:3      | Learned a level 3 spell: Regeneration
   154 | D:3      | Learned a level 3 spell: Vampiric Draining
   209 | D:2      | Found an iron altar of Okawaru.
   308 | D:3      | Noticed Grinder
   327 | D:3      | Paralysed by Grinder for 4 turns
   333 | D:3      | Killed from afar by Grinder

Skill      XL: |  1 |
---------------+----+-----
Spellcasting   | 5 |  5.0
Fighting       | |  0.7
Short Blades   | |  0.7
Long Blades    | |  0.7
Axes           | |  0.7
Maces & Flails | |  0.7
Polearms       | |  0.7
Staves         | |  0.7
Slings         | |  0.7
Bows           | |  0.7
Crossbows      | |  0.7
Throwing       | |  0.7
Armour         | |  0.7
Dodging        | |  4.5
Stealth        | |  4.1
Shields        | |  0.7
Unarmed Combat | |  0.7
Conjurations   | |  0.5
Hexes          | |  0.5
Charms         | |  0.5
Summonings     | |  0.5
Necromancy     | |  7.1
Translocations | |  0.5
Transmutations | |  0.5
Fire Magic     | |  0.5
Ice Magic      | |  0.5
Air Magic      | |  0.5
Earth Magic    | |  0.5
Poison Magic   | |  0.5
Invocations    | |  0.9
Evocations     | |  0.7

Action                   || total
-------------------------++-------
Melee: Dagger            ||     2
 Cast: Pain              ||    13
  Use: Potion            ||     3
       Scroll            ||     1
 Stab: Sleeping          ||     1
  Eat: Ration            ||     1
Armor: Robe              ||     1
Dodge: Dodged            ||     4

Table legend:
 A = Turns spent in this place as a percentage of turns spent in the entire game.
 B = Non-inter-level travel turns spent in this place as a percentage of non-inter-level travel turns spent in the entire game.
 C = Inter-level travel turns spent in this place as a percentage of turns spent in this place.
 D = Turns resting spent in this place as a percentage of non-inter-level travel turns spent in this place.
 E = Turns spent auto-exploring this place as a percentage of non-inter-level travel turns spent in this place.
 F = Non-inter-level travel turns spent in this place divided by the number of levels of this place that you've seen.
                   A       B       C       D       E      F
               +-------+-------+-------+-------+-------+----------------------
         Total | 100.0 | 100.0 |   0.0 |   0.0 |   0.0 | 111.0
       Dungeon | 100.0 | 100.0 |   0.0 |   0.0 |   0.0 | 111.0
               +-------+-------+-------+-------+-------+----------------------

Table legend:
 A = Kills in this place as a percentage of kills in entire the game.
 B = Kills by you in this place as a percentage of kills by you in the entire game.
 C = Kills by friends in this place as a percentage of kills by friends in the entire game.
 D = Other kills in this place as a percentage of other kills in the entire game.
 E = Experience gained in this place as a percentage of experience gained in the entire game.
 F = Experience gained in this place divided by the number of levels of this place that you have seen.
                   A       B       C       D       E      F
               +-------+-------+-------+-------+-------+----------------------
         Total | 100.0 | 100.0 |   N/A |   N/A | 100.0 |  17.7
       Dungeon | 100.0 | 100.0 |   N/A |   N/A | 100.0 |  17.7
               +-------+-------+-------+-------+-------+----------------------

Vault maps used:
D:1:      tarquinn_simple_flora_water_b
D:2:      lemuel_doored_altar, first_ration, chequers_ecumenical_altar_simple
D:3:      minmay_misc_feat_pillars, minmay_cupped, uniq_grinder
